 Dungeon Crawl Stone Soup version 0.17-a0-931-g11a8995 (webtiles) character file.

414 namelastname112 the Stinger (level 6, -2/45 HPs)
             Began as a Draconian Venom Mage on May 6, 2015.
             Slain by a hound skeleton (3 damage)
             ... on level 3 of the Dungeon.
             The game lasted 00:11:42 (3694 turns).

namelastname112 the Stinger (Draconian Venom Mage)  Turns: 3694, Time: 00:11:43

Health: -2/45      AC:  7    Str: 10    XL:     6   Next: 60%
Magic:  6/12       EV: 12    Int: 18    God:
Gold:   221        SH:  0    Dex: 11    Spells: 3 memorised, 8 levels left

rFire  . . .     SeeInvis .     r - +4 halberd
rCold  . . .     Clarity  .     (armour unavailable)
rNeg   . . .     SustAb   .     (no shield)
rPois  .         Gourm    .     s - +1 hat
rElec  .         Spirit   .     (no cloak)
rCorr  .         Warding  .     (no gloves)
rMut   .         Stasis   .     (no boots)
MR     .....                    (no amulet)
Stlth  ++........               (no ring)
                                (no ring)

@: not resistant to hostile enchantments, unstealthy
A: unfitting armour, cold-blooded, AC +6
a: no special abilities


You were on level 3 of the Dungeon.
You were not hungry.

You visited 1 branch of the dungeon, and saw 4 of its levels.

You collected 221 gold pieces.

Inventory:

Hand weapons
 r - a +4 halberd (weapon)
Armour
 s - a +1 hat (worn)
Scrolls
 b - 2 scrolls of fog {unknown}
 d - 6 scrolls of identify {unknown}
 e - 2 scrolls of noise {unknown}
 j - a scroll of enchant armour {unknown}
 m - a scroll of enchant weapon {unknown}
 v - a scroll of teleportation {unknown}
Potions
 f - a potion of cancellation {unknown}
 g - 2 potions of curing
 h - a potion of beneficial mutation {unknown}
 k - a potion of degeneration {unknown}
 p - a potion of lignification {unknown}
 t - a potion of flight {unknown}
Books
 a - a Young Poisoner's Handbook

   Spells                             Type                      Level
   a - Sting                          Conjuration/Poison           1
   b - Cure Poison                    Poison                       2
   c - Mephitic Cloud                 Conjuration/Poison/Air       3
   d - Olgreb's Toxic Radiance        Poison                       4
   e - Venom Bolt                     Conjuration/Poison           5
 c - a book of Necromancy

   Spells                             Type                      Level
   a - Pain                           Necromancy                   1
   b - Animate Skeleton               Necromancy                   1
   c - Vampiric Draining              Necromancy                   3
   d - Regeneration                   Charms/Necromancy            3
   e - Animate Dead                   Necromancy                   4
   f - Control Undead                 Necromancy                   4
Comestibles
 i - 2 bread rations
 l - a beef jerky
 n - 2 meat rations
 o - a slice of pizza
 u - a chunk of flesh


   Skills:
 - Level 1.7 Dodging
 - Level 1.7 Stealth
 + Level 4.0 Spellcasting
 + Level 3.7 Conjurations
 + Level 5.6 Poison Magic


You had 8 spell levels left.
You knew the following spells:

 Your Spells              Type           Power        Failure   Level  Hunger
a - Mephitic Cloud        Conj/Pois/Air  ##......     14%         3    ###....
b - Animate Skeleton      Necr           N/A          14%         1    None
z - Sting                 Conj/Pois      ###.         1%          1    None


Dungeon Overview and Level Annotations

Branches:
Dungeon (4/15)
 Temple: D:4-7

Altars:
Cheibriados
Fedhas
Qazlal

Annotations:
D:3 namelastname112's ghost, average DrVM


Innate Abilities, Weirdness & Mutations

Your plain brown scales are hard (AC +6).
Your body does not fit into most forms of armour.
You are cold-blooded and may be slowed by cold attacks.


Message History

It was a potion of curing.
You feel better.
The hound skeleton bites you but does no damage.
You miss the giant newt. The hound skeleton barely misses you.
The giant newt barely misses you. The hound skeleton barely misses you.
The giant newt bites you but does no damage.
You puncture the giant newt!
You kill the giant newt!
The hound skeleton bites you but does no damage.
The hound skeleton bites you.
* * * LOW HITPOINT WARNING * * *
You barely miss the hound skeleton.
Your tail-slap misses the hound skeleton.
The hound skeleton bites you but does no damage. x2
You puncture the hound skeleton! The hound skeleton bites you.
* * * LOW HITPOINT WARNING * * *
The hound skeleton barely misses you.
You slash the hound skeleton! The hound skeleton bites you.
* * * LOW HITPOINT WARNING * * *
The hound skeleton bites you.
You die... #.# #.##.# #o# #.##.# #Wo

#.##.# ..# ##.##.####
###
##########.........
#...Z...).##.........
##. ##)##..(......
#...#####...#....>....
#.†@Z)..#........)..
#...#####...#.....)...
#... ##.##.........
#.# #.##.......). #
#.##.....))..
#.##...#.#...
.....(...##.# .##...##
#.. # ##.# ###


You could see a hound skeleton.

Vanquished Creatures
  An ogre (D:4)
  A giant frog skeleton (D:4)
  3 orc priests (D:3)
  Terence (D:2)
  7 gnolls
  2 adders
  4 worms (D:2)
  A giant gecko (D:2)
  13 orcs (D:3)
  5 bats
  2 giant cockroaches
  11 goblins
  7 hobgoblins
  3 jackals (D:1)
  17 kobolds
  2 quokkas (D:2)
  3 ball pythons
  2 giant newts
  9 rats
94 creatures vanquished.

Vanquished Creatures (collateral kills)
  A rat (D:3)
1 creature vanquished.

Grand Total: 95 creatures vanquished

Notes
Turn   | Place    | Note
--------------------------------------------------------------
     0 | D:1      | namelastname112, the Draconian Venom Mage, began the quest for the Orb.
     0 | D:1      | Reached XP level 1. HP: 14/14 MP: 3/3
   132 | D:1      | Reached XP level 2. HP: 20/20 MP: 0/5
   570 | D:1      | Reached skill level 1 in Conjurations
   584 | D:1      | Reached XP level 3. HP: 23/26 MP: 2/6
  1016 | D:2      | Found a snail-covered altar of Cheibriados.
  1016 | D:2      | Noticed an air elemental
  1019 | D:2      | Noticed a water elemental
  1023 | D:2      | Found a stormy altar of Qazlal.
  1024 | D:2      | Noticed a fire elemental
  1024 | D:2      | Noticed an earth elemental
  1135 | D:2      | Noticed Terence
  1238 | D:2      | HP: 1/26 [Terence/morningstar (6)]
  1604 | D:2      | Learned a level 3 spell: Mephitic Cloud
  2086 | D:2      | Killed Terence
  2086 | D:2      | Reached XP level 4. HP: 22/33 MP: 0/8
  2240 | D:2      | Found a blossoming altar of Fedhas.
  2721 | D:2      | Reached XP level 5. HP: 38/38 MP: 6/9
  2786 | D:2      | You fall through a shaft for 2 floors!
  2826 | D:4      | Reached skill level 5 in Poison Magic
  2834 | D:4      | Noticed an ogre
  2852 | D:4      | Killed an ogre
  3089 | D:3      | Learned a level 1 spell: Animate Skeleton
  3133 | D:3      | Reached XP level 6. HP: 27/45 MP: 2/11
  3387 | D:3      | Noticed namelastname112's ghost (average DrVM)
  3682 | D:3      | HP: 1/45 [orc priest/trident (8)]
  3693 | D:3      | HP: 2/45 [hound skeleton (4)]
  3694 | D:3      | Slain by a hound skeleton

Action                   |  1- 3 |  4- 6 || total
-------------------------+-------+-------++-------
Melee: Dagger            |    68 |    11 ||    79
       Halberd           |       |    22 ||    22
       Spear             |       |    15 ||    15
       Trident           |       |    31 ||    31
 Cast: Sting             |    69 |    89 ||   158
       Mephitic Cloud    |     3 |     8 ||    11
       Animate Skeleton  |       |     4 ||     4
  Use: Scroll            |       |     1 ||     1
       Potion            |       |     1 ||     1
 Stab: Confused          |     2 |     1 ||     3
  Eat: Bread ration      |     1 |       ||     1
       Chunk             |       |     6 ||     6
